 Dungeon Crawl Stone Soup version 0.27.1-34-g3ba077fa99 (webtiles) character file.

Game seed: 8561027183696508620

67 comborobin the Chopper (level 4, -10/39 HPs)
             Began as a Hill Orc Delver on Jan 6, 2022.
             Mangled by an iguana (13 damage)
             ... on level 5 of the Dungeon.
             The game lasted 00:01:10 (942 turns).

comborobin the Chopper (Hill Orc Delver)             Turns: 942, Time: 00:01:10

Health: -10/39     AC:  3    Str: 15    XL:     4   Next: 16%
Magic:  13/13      EV: 11    Int: 10    God:
Gold:   24         SH:  0    Dex: 12    Spells: 3/3 levels left

rFire    . . .     SeeInvis .   a - +0 hand axe
rCold    . . .     Faith    .   (no shield)
rNeg     . . .     Spirit   .   b - +0 leather armour
rPois    .         Reflect  .   (no helmet)
rElec    .         Harm     .   (no cloak)
rCorr    .         Rampage  .   (no gloves)
Will     +....                  (no boots)
Stlth    ++........             (no amulet)
HPRegen  0.13/turn              h - ring of willpower
MPRegen  0.13/turn              j - ring of magical power

@: no status effects
A: no striking features
a: no special abilities


You were on level 5 of the Dungeon.
You visited 1 branch of the dungeon, and saw 3 of its levels.

You collected 24 gold pieces.

Inventory:

Hand Weapons
 a - a +0 hand axe (weapon)
Armour
 b - a +0 leather armour (worn)
Jewellery
 h - a ring of willpower (left hand)
 j - a ring of magical power (right hand)
Wands
 g - a wand of digging (3)
Scrolls
 c - a scroll of fog
 d - a scroll of magic mapping
 e - a scroll of fear
Potions
 f - 2 potions of heal wounds {unknown}
 i - a potion of degeneration {unknown}


   Skills:
 - Level 3.6 Fighting
 + Level 5.7 Axes
 - Level 1.5 Dodging
 - Level 4.1 Stealth


You had 3 spell levels left.
You didn't know any spells.
Your spell library was empty.

Dungeon Overview and Level Annotations

Branches:
Dungeon (6/15)
 Temple: D:4-7

Altars:

Annotations:
D:4 Pikel


Message History

You feel your magic capacity increase.
j - a ring of magical power (right hand)
There is a stone staircase leading up here.
Search for what [? for help]? .
Unknown command.
You climb upwards.
The lemure shouts! x3; Pikel shouts!
There is a stone staircase leading down here.
Press: ? - help, v - describe, . - travel
Here: Pikel, wielding a +1 whip of freezing and wearing a +0 robe The floor.
Unknown command.
Okay, then.
Okay, then.
Okay, then.
Pikel says, "I just want to get paid!"
You climb downwards.
There is a stone staircase leading up here.
You start resting.
Magic restored.
There is a stone staircase leading down here.
Found a stone staircase leading down.
There is a stone staircase leading down here.
The iguana hisses angrily.
You hit the iguana but do no damage. The iguana bites you!
You hit the iguana but do no damage. The iguana bites you!
You hit the iguana but do no damage. The iguana bites you.
You hit the iguana but do no damage. The iguana barely misses you.
You hit the iguana but do no damage.
The iguana bites you but does no damage.
Okay, then.
Okay, then.
You barely miss the iguana. The iguana completely misses you.
You barely miss the iguana. The iguana bites you.
You closely miss the iguana. The iguana bites you!
* * * LOW HITPOINT WARNING * * *
You closely miss the iguana. The iguana bites you!
* * * LOW HITPOINT WARNING * * *
You barely miss the iguana. The iguana bites you!
You die...

#..# #.....##.... #..##
#...######## . ##...##
##...# # ...
##.....###...##
#...#.............###
#...................#
##.................... .
#.......................
#........@l...............
.........#######..########
.........# #..# ##...#...#
#..### #...#...# #...#####
#...#...# #.....##. #...
#........ #... #.......#
#.....###


You could see an iguana.

Vanquished Creatures
  A howler monkey (D:5)
  A hound (D:6)
2 creatures vanquished.

Notes
Turn   | Place    | Note
-------+----------+-------------------------------------------
     0 | D:5      | comborobin the Hill Orc Delver began the quest for the Orb.
     0 | D:5      | Reached XP level 1. HP: 19/19 MP: 1/1
     1 | D:6      | Noticed a hound
    11 | D:5      | Noticed a howler monkey
   151 | D:5      | Killed a howler monkey
   152 | D:5      | Reached skill level 5 in Axes
   152 | D:5      | Reached XP level 2. HP: 16/26 MP: 2/2
   152 | D:5      | Reached XP level 3. HP: 19/31 MP: 3/3
   321 | D:5      | Noticed a black bear
   380 | D:6      | Reached XP level 4. HP: 13/39 MP: 4/4
   768 | D:4      | Noticed Pikel
   768 | D:4      | Noticed a lemure
   768 | D:4      | Noticed a lemure
   768 | D:4      | Noticed a lemure
   768 | D:4      | Noticed a lemure
   942 | D:5      | Mangled by an iguana

Illustrated notes

Levels and vault maps discovered:
D:4:      layout_cave_pods, jmf_multi_god_temple2,
          minmay_temple_entry_proselytizer, uniq_pikel
D:5:      layout_layer_cave, uniq_prince_ribbit1, uniq_duvessa
D:6:      lemuel_insect_pit, layout_basic, serial_bayou, serial_bayou_crossing,
          serial_bayou_pond_b, serial_bayou_pond_d, serial_bayou_shore_a

Skill      XL: |  1 |
---------------+----+-----
Axes           | 5 |  5.7
Fighting       | |  3.6
Dodging        | |  1.5
Stealth        | |  4.1

Action                   |  1- 3 |  4- 6 || total
-------------------------+-------+-------++-------
Melee: Hand axe          |    29 |    10 ||    39
  Use: Potion            |     1 |       ||     1
 Stab: Sleeping          |     1 |       ||     1
Armor: Leather armour    |     7 |     1 ||     8
Dodge: Dodged            |    13 |     2 ||    15
